Havana Tropicals vs Erie Otters
Created - Wednesday, April 26, 2023 at 07:09
Goals
|
| Havana Tropicals |
1 |
1 |
1 |
3 |
| Erie Otters |
1 |
0 |
0 |
1 |
|
Shots
|
| Havana Tropicals |
2 |
9 |
13 |
24 |
| Erie Otters |
13 |
10 |
9 |
32 |
|
1st period
1. Havana Tropicals , Pierre-Edouard Bellemare 22 (Nolan Foote 3, Zach Whitecloud 14) at 4:10
2. Erie Otters , Andy Andreoff 12 (Michael Eyssimont 19, Aaron Ness 3) at 17:01
Penalties :
Robert Bortuzzo (HAV) for Tripping (Minor) at 0:19, Nolan Foote (HAV) for Holding (Minor) at 14:36
2nd period
3. Havana Tropicals , Pierre-Edouard Bellemare 23 (Chris Tierney 22) at 14:21
Penalties :
Paul Cotter (ERO) for Hooking (Minor) at 1:49, Nolan Foote (HAV) for Holding (Minor) at 7:18, Andy Andreoff (ERO) for Hooking (Minor) at 15:38
3rd period
4. Havana Tropicals , Emil Bemstrom 10 (Lucas Elvenes 2) at 19:38 (Empty Net)
Penalties :
Paul Cotter (ERO) for Holding (Minor) at 8:56, Alex Biega (ERO) for Fighting (Major) at 13:18, Sammy Blais (HAV) for Fighting (Major) at 13:18, Robert Bortuzzo (HAV) for Goalie Interference (Minor) at 13:45, Alex Petrovic (ERO) for Fighting (Major) at 19:41, Alexander Nylander (HAV) for Fighting (Major) at 19:41
Goalie Stats
Eric Comrie (HAV), 31 saves from 32 shots - (0.969), W, 17-7-2, 60:00 minutes
Brad Thiessen (ERO), 21 saves from 23 shots - (0.913), L, 8-6-2, 59:41 minutes
Players Stats for Havana Tropicals
Player Name G A P +/- PIM S H SB GA TA FO MP PP MP PK MP
------------------------------------------------------------------------------------
Alexander Nylander 0 0 0 1 5 1 1 0 0 0 0/0 6:19 0:00 0:00
Chris Tierney 0 1 1 1 0 3 2 0 0 1 0/0 19:49 3:19 4:03
Dean Kukan 0 0 0 1 0 0 0 0 0 2 0/0 20:43 2:55 3:30
Dennis Cholowski 0 0 0 0 0 0 0 3 0 1 0/0 14:20 0:00 2:18
Emil Bemstrom 1 0 1 1 0 5 1 0 1 0 0/0 13:09 0:00 0:00
Henrik Borgstrom 0 0 0 -1 0 1 1 1 0 1 1/8 13:53 0:00 0:39
Lucas Elvenes 0 1 1 1 0 0 0 0 0 0 0/0 4:48 0:00 0:00
Milan Lucic 0 0 0 0 0 3 2 0 1 0 0/0 18:46 2:38 2:24
Nolan Foote 0 1 1 0 4 0 1 0 0 0 0/0 6:45 0:00 0:00
Pavel Dorofeyev 0 0 0 0 0 1 2 1 1 0 0/1 15:09 0:00 1:33
Philipp Kurashev 0 0 0 0 0 2 3 0 1 0 3/7 15:32 2:38 0:00
Pierre-Edouard Bellemare 2 0 2 2 0 4 2 3 0 0 18/26 23:44 3:19 4:13
Robert Bortuzzo 0 0 0 1 4 1 1 2 1 1 0/0 25:20 3:02 2:08
Sammy Blais 0 0 0 0 5 1 1 0 0 0 0/0 14:40 2:38 0:00
Timothy Liljegren 0 0 0 0 0 0 0 0 0 1 0/0 11:49 0:00 0:00
Tucker Poolman 0 0 0 1 0 0 1 1 0 2 0/0 20:43 2:55 3:30
Zach Aston-Reese 0 0 0 1 0 1 2 1 1 0 2/2 19:01 3:19 3:00
Zach Whitecloud 0 1 1 1 0 1 1 3 0 1 0/0 27:28 3:02 4:26
Players Stats for Erie Otters
Player Name G A P +/- PIM S H SB GA TA FO MP PP MP PK MP
------------------------------------------------------------------------------------
Aaron Luchuk 0 0 0 -1 0 1 1 0 0 0 2/4 13:19 0:00 2:05
Aaron Ness 0 1 1 -1 0 2 1 1 2 1 0/0 23:37 5:32 3:09
Abbott Girduckis 0 0 0 0 0 1 0 0 0 0 3/3 9:24 0:00 0:00
Adam Brubacher 0 0 0 0 0 1 1 1 1 0 0/0 9:53 0:00 0:00
Adam Clendening 0 0 0 -1 0 1 1 0 0 2 0/0 22:27 2:43 2:48
Alec McCrea 0 0 0 0 0 0 1 2 0 0 0/0 14:45 0:32 0:00
Alex Biega 0 0 0 -1 5 1 0 1 0 0 0/0 20:03 1:33 2:48
Alex Gallant 0 0 0 -1 0 0 2 0 0 0 1/1 11:07 0:00 0:00
Alex Newhook 0 0 0 -1 0 2 2 0 2 0 5/16 19:34 3:20 3:00
Alex Petrovic 0 0 0 -1 5 0 2 1 0 0 0/0 23:14 5:28 3:09
Alex-Olivier Voyer 0 0 0 0 0 2 1 0 1 0 0/0 9:36 0:05 0:00
Andy Andreoff 1 0 1 0 2 2 0 0 0 0 6/13 18:18 4:31 1:51
Kevin Davis 0 0 0 0 0 0 1 1 0 1 0/0 15:23 0:04 0:00
Michael Eyssimont 0 1 1 0 0 6 1 1 1 0 2/3 17:50 4:31 1:08
Paul Cotter 0 0 0 -1 4 3 3 0 2 0 0/0 17:59 3:25 0:56
Sampo Ranta 0 0 0 0 0 4 2 0 0 1 0/0 17:25 4:31 0:43
Trent Frederic 0 0 0 -1 0 2 6 1 1 0 0/1 18:45 3:20 2:11
Ty Ronning 0 0 0 -1 0 4 0 0 0 1 1/3 11:19 0:05 0:00
3 Stars
1 - Pierre-Edouard Bellemare (HAV)
2 - Eric Comrie (HAV)
3 - Emil Bemstrom (HAV)
Power Play
Havana Tropicals - 0 on 3 Attempt(s) - 0.00%
Erie Otters - 0 on 4 Attempt(s) - 0.00%
Penalty Kill
Havana Tropicals - 4 on 4 Attempt(s) - 100.00%
- Score 0 goal in Penalty Kill
Erie Otters - 3 on 3 Attempt(s) - 100.00%
- Score 0 goal in Penalty Kill
Team Stat
Havana Tropicals - Hits : 21 - Faceoff Wins : 24 - Blocked Shots : 15 - Penalty Minutes : 18
Erie Otters - Hits : 25 - Faceoff Wins : 20 - Blocked Shots : 9 - Penalty Minutes : 16
Official
Referees : Tim Peel and Dan O'Halloran
Linesman : Jonny Murray and Ryan Gibbons
Game Notes
Alex Biega and Sammy Blais fight to a draw at 13:18 of 3rd period
Emil Bemstrom has scored in a empty net!
Alex Petrovic and Alexander Nylander fight to a draw at 19:41 of 3rd period
Havana Tropicals
5 vs 5 Forward
Center Left Wing Right Wing Time % Phy DF OF
1 Pierre-Edouard Bellemare Chris Tierney Zach Aston-Reese 40 1 2 2
2 Philipp Kurashev Milan Lucic Sammy Blais 30 1 2 2
3 Henrik Borgstrom Emil Bemstrom Pavel Dorofeyev 20 1 2 2
4 Pierre-Edouard Bellemare Nolan Foote Alexander Nylander 10 1 2 2
5 vs 5 Defense
Defense Defense Time % Phy DF OF
1 Zach Whitecloud Robert Bortuzzo 40 1 2 2
2 Tucker Poolman Dean Kukan 30 1 2 2
3 Timothy Liljegren Dennis Cholowski 20 1 2 2
4 Zach Whitecloud Robert Bortuzzo 10 1 2 2
PowerPlay Forward
Center Left Wing Right Wing Time % Phy DF OF
1 Pierre-Edouard Bellemare Chris Tierney Zach Aston-Reese 60 1 2 2
2 Philipp Kurashev Milan Lucic Sammy Blais 40 1 2 2
PowerPlay Defense
Defense Defense Time % Phy DF OF
1 Zach Whitecloud Robert Bortuzzo 60 1 2 2
2 Tucker Poolman Dean Kukan 40 1 2 2
Penalty Kill 4 Players Forward
Center Wing Time % Phy DF OF
1 Pierre-Edouard Bellemare Chris Tierney 60 1 2 2
2 Zach Aston-Reese Milan Lucic 40 1 2 2
Penalty Kill 4 Players Defense
Defense Defense Time % Phy DF OF
1 Zach Whitecloud Robert Bortuzzo 60 1 2 2
2 Tucker Poolman Dean Kukan 40 1 2 2
Penalty Kill - 3 Players Forward
Forward Time % Phy DF OF
1 Pierre-Edouard Bellemare 60 1 2 2
2 Chris Tierney 40 1 2 2
Penalty Kill - 3 Players Defense
Defense Defense Time % Phy DF OF
1 Zach Whitecloud Robert Bortuzzo 60 1 2 2
2 Tucker Poolman Dean Kukan 40 1 2 2
4 vs 4 Forward
Center Wing Time % Phy DF OF
1 Pierre-Edouard Bellemare Chris Tierney 60 1 2 2
2 Zach Aston-Reese Milan Lucic 40 1 2 2
4 vs 4 Defense
Defense Defense Time % Phy DF OF
1 Zach Whitecloud Robert Bortuzzo 60 1 2 2
2 Tucker Poolman Dean Kukan 40 1 2 2
Last Minutes Offensive
Center Left Wing Right Wing Defense Defense
Pierre-Edouard Bellemare Chris Tierney Zach Aston-Reese Zach Whitecloud Robert Bortuzzo
Last Minutes Defensive
Center Left Wing Right Wing Defense Defense
Pierre-Edouard Bellemare Chris Tierney Zach Aston-Reese Zach Whitecloud Robert Bortuzzo
Goaltenders
Starting : Eric Comrie
Backup : Arvid Soderblom
Extra Forwards
Normal : Lucas Elvenes, Emil Bemstrom, Pavel Dorofeyev - PP : Lucas Elvenes, Emil Bemstrom - PK : Pavel Dorofeyev
Extra Defensemen
Normal : Timothy Liljegren, Dennis Cholowski, Tucker Poolman - PP : Timothy Liljegren - PK : Dennis Cholowski, Tucker Poolman
Penalty Shots
Pierre-Edouard Bellemare, Chris Tierney, Zach Aston-Reese, Milan Lucic, Sammy Blais
Erie Otters
5 vs 5 Forward
Center Left Wing Right Wing Time % Phy DF OF
1 Alex Newhook Trent Frederic Paul Cotter 30 1 2 2
2 Andy Andreoff Michael Eyssimont Sampo Ranta 30 1 2 2
3 Aaron Luchuk Alex Gallant Ty Ronning 25 1 2 2
4 Abbott Girduckis Adam Brubacher Alex-Olivier Voyer 15 1 2 2
5 vs 5 Defense
Defense Defense Time % Phy DF OF
1 Adam Clendening Alex Biega 35 1 2 2
2 Aaron Ness Alex Petrovic 35 1 2 2
3 Alec McCrea Kevin Davis 30 1 2 2
4 Adam Clendening Alex Biega 0 1 2 2
PowerPlay Forward
Center Left Wing Right Wing Time % Phy DF OF
1 Alex Newhook Trent Frederic Paul Cotter 50 1 2 2
2 Andy Andreoff Michael Eyssimont Sampo Ranta 50 1 2 2
PowerPlay Defense
Defense Defense Time % Phy DF OF
1 Adam Clendening Alex Biega 50 1 2 2
2 Aaron Ness Alex Petrovic 50 1 2 2
Penalty Kill 4 Players Forward
Center Wing Time % Phy DF OF
1 Alex Newhook Trent Frederic 50 1 2 2
2 Andy Andreoff Paul Cotter 50 1 2 2
Penalty Kill 4 Players Defense
Defense Defense Time % Phy DF OF
1 Adam Clendening Alex Biega 50 1 2 2
2 Aaron Ness Alex Petrovic 50 1 2 2
Penalty Kill - 3 Players Forward
Forward Time % Phy DF OF
1 Alex Newhook 50 1 2 2
2 Trent Frederic 50 1 2 2
Penalty Kill - 3 Players Defense
Defense Defense Time % Phy DF OF
1 Adam Clendening Alex Biega 50 1 2 2
2 Aaron Ness Alex Petrovic 50 1 2 2
4 vs 4 Forward
Center Wing Time % Phy DF OF
1 Alex Newhook Trent Frederic 50 1 2 2
2 Andy Andreoff Paul Cotter 50 1 2 2
4 vs 4 Defense
Defense Defense Time % Phy DF OF
1 Adam Clendening Alex Biega 50 1 2 2
2 Aaron Ness Alex Petrovic 50 1 2 2
Last Minutes Offensive
Center Left Wing Right Wing Defense Defense
Alex Newhook Trent Frederic Paul Cotter Adam Clendening Alex Biega
Last Minutes Defensive
Center Left Wing Right Wing Defense Defense
Alex Newhook Trent Frederic Paul Cotter Adam Clendening Alex Biega
Goaltenders
Starting : Brad Thiessen
Backup : Keith Kinkaid
Extra Forwards
Normal : Ty Ronning, Alex-Olivier Voyer, Aaron Luchuk - PP : Ty Ronning, Alex-Olivier Voyer - PK : Aaron Luchuk
Extra Defensemen
Normal : Aaron Ness, Kevin Davis, Adam Brubacher - PP : Aaron Ness - PK : Kevin Davis, Adam Brubacher
Penalty Shots
Alex Newhook, Trent Frederic, Andy Andreoff, Paul Cotter, Michael Eyssimont
% Time on Ice - Havana Tropicals
Lines # - Real PCT - Wanted PCT - Time Play
Normal Forward
1 - 28% - 40% - 12:54
2 - 31% - 30% - 14:09
3 - 26% - 20% - 11:53
4 - 14% - 10% - 6:20
Normal Defense
1 - 40% - 40% - 18:11
2 - 31% - 30% - 13:58
3 - 26% - 20% - 11:49
4 - 3% - 10% - 1:18
PP Forward
1 - 56% - 60% - 3:19
2 - 44% - 40% - 2:38
PP Defense
1 - 51% - 60% - 3:02
2 - 49% - 40% - 2:55
PK Forward
1 - 70% - 60% - 5:32
2 - 30% - 40% - 2:24
PK Defense
1 - 60% - 60% - 4:47
2 - 40% - 40% - 3:09
PK3 Forward
1 - 0% - 60%
2 - 0% - 40%
PK3 Defense
1 - 0% - 60%
2 - 0% - 40%
44 Forward
1 - 0% - 60%
2 - 0% - 40%
44 Defense
1 - 0% - 60%
2 - 0% - 40%
Last Minute Offensive - 0:00
Last Minute Defensive - 0:51
Total
Forward - 60:00
Defense - 60:00
|
% Time on Ice - Erie Otters
Lines # - Real PCT - Wanted PCT - Time Play
Normal Forward
1 - 28% - 30% - 12:29
2 - 27% - 30% - 12:15
3 - 25% - 25% - 11:07
4 - 21% - 15% - 9:24
Normal Defense
1 - 37% - 35% - 16:50
2 - 32% - 35% - 14:25
3 - 31% - 30% - 14:00
4 - 0% - 0% - 0:00
PP Forward
1 - 43% - 50% - 3:25
2 - 57% - 50% - 4:31
PP Defense
1 - 38% - 50% - 3:00
2 - 62% - 50% - 4:56
PK Forward
1 - 37% - 50% - 2:11
2 - 63% - 50% - 3:46
PK Defense
1 - 47% - 50% - 2:48
2 - 53% - 50% - 3:09
PK3 Forward
1 - 0% - 50%
2 - 0% - 50%
PK3 Defense
1 - 0% - 50%
2 - 0% - 50%
44 Forward
1 - 0% - 50%
2 - 0% - 50%
44 Defense
1 - 0% - 50%
2 - 0% - 50%
Last Minute Offensive - 0:52
Last Minute Defensive - 0:00
Total
Forward - 60:00
Defense - 60:00
|
Play-by-Play
1st period
0:01 of 1st period - Pierre-Edouard Bellemare wins face-off versus Alex Newhook in neutral zone.
0:19 of 1st period - Minor Penalty to Robert Bortuzzo for Tripping.
0:20 of 1st period - Pierre-Edouard Bellemare wins face-off versus Alex Newhook in Havana Tropicals zone.
0:30 of 1st period - Wrist shot by Alex Newhook.
0:30 of 1st period - Stopped by Eric Comrie with a rebound.
0:32 of 1st period - Slapshot by Adam Clendening.
0:32 of 1st period - Shot Blocked by Dennis Cholowski.
0:34 of 1st period - Slapshot by Adam Clendening.
0:34 of 1st period - Shot Misses the Net.
0:36 of 1st period - Wrist shot by Paul Cotter.
0:36 of 1st period - Stopped by Eric Comrie without a rebound.
0:37 of 1st period - Zach Aston-Reese wins face-off versus Andy Andreoff in Havana Tropicals zone.
1:02 of 1st period - Pierre-Edouard Bellemare is hit by Trent Frederic and loses puck.
1:07 of 1st period - Snap shot by Alex Newhook.
1:07 of 1st period - Shot Blocked by Pierre-Edouard Bellemare.
1:09 of 1st period - Wrist shot by Trent Frederic.
1:09 of 1st period - Shot Misses the Net.
2:19 of 1st period - Penalty to Robert Bortuzzo is over, Robert Bortuzzo is back on ice.
2:31 of 1st period - Slapshot by Pavel Dorofeyev.
2:31 of 1st period - Deflect By Emil Bemstrom.
2:31 of 1st period - Shot Blocked by Alec McCrea.
2:31 of 1st period - Puck is out of play.
2:32 of 1st period - Aaron Luchuk wins face-off versus Pavel Dorofeyev in Erie Otters zone.
3:00 of 1st period - Slapshot by Alex Biega.
3:00 of 1st period - Deflect By Alex-Olivier Voyer.
3:00 of 1st period - Shot Blocked by Tucker Poolman.
3:00 of 1st period - Puck is out of play.
3:01 of 1st period - Abbott Girduckis wins face-off versus Philipp Kurashev in Havana Tropicals zone.
3:06 of 1st period - Snap shot by Alex-Olivier Voyer.
3:06 of 1st period - Stopped by Eric Comrie with a rebound.
3:14 of 1st period - Slapshot by Adam Clendening.
3:14 of 1st period - Shot Blocked by Zach Whitecloud.
3:16 of 1st period - Slapshot by Adam Clendening.
3:16 of 1st period - Shot Blocked by Robert Bortuzzo.
3:26 of 1st period - Robert Bortuzzo is hit by Michael Eyssimont and loses puck.
3:54 of 1st period - Snap shot by Alex Newhook.
3:54 of 1st period - Shot Misses the Net.
4:10 of 1st period - Snap shot by Pierre-Edouard Bellemare.
4:10 of 1st period - Goal by Pierre-Edouard Bellemare - Havana Tropicals : 1 - Erie Otters : 0.
4:11 of 1st period - Michael Eyssimont wins face-off versus Pierre-Edouard Bellemare in neutral zone.
4:14 of 1st period - Dennis Cholowski is hit by Alex Petrovic and loses puck.
4:21 of 1st period - Wrist shot by Sampo Ranta.
4:21 of 1st period - Shot Misses the Net.
4:23 of 1st period - Slapshot by Sampo Ranta.
4:23 of 1st period - Shot Misses the Net.
4:37 of 1st period - Alex Newhook is hit by Philipp Kurashev and loses puck.
5:02 of 1st period - Snap shot by Ty Ronning.
5:02 of 1st period - Shot Misses the Net.
5:04 of 1st period - Slapshot by Aaron Luchuk.
5:04 of 1st period - Stopped by Eric Comrie with a rebound.
5:06 of 1st period - Slapshot by Aaron Ness.
5:06 of 1st period - Stopped by Eric Comrie with a rebound.
6:28 of 1st period - Wrist shot by Alex-Olivier Voyer.
6:28 of 1st period - Deflect By Abbott Girduckis.
6:28 of 1st period - Stopped by Eric Comrie with a rebound.
6:30 of 1st period - Slapshot by Adam Clendening.
6:30 of 1st period - Shot Blocked by Pierre-Edouard Bellemare.
6:32 of 1st period - Slapshot by Adam Clendening.
6:32 of 1st period - Shot Blocked by Pierre-Edouard Bellemare.
7:26 of 1st period - Timothy Liljegren is hit by Trent Frederic and loses puck.
7:46 of 1st period - Wrist shot by Pierre-Edouard Bellemare.
7:46 of 1st period - Shot Blocked by Adam Brubacher.
8:28 of 1st period - Wrist shot by Emil Bemstrom.
8:28 of 1st period - Stopped by Brad Thiessen with a rebound.
8:30 of 1st period - Snap shot by Henrik Borgstrom.
8:30 of 1st period - Shot Misses the Net.
8:40 of 1st period - Alex Biega is hit by Sammy Blais and loses puck.
9:03 of 1st period - Dennis Cholowski is hit by Adam Brubacher and loses puck.
9:27 of 1st period - Zach Aston-Reese is hit by Sampo Ranta and loses puck.
10:07 of 1st period - Wrist shot by Paul Cotter.
10:07 of 1st period - Stopped by Eric Comrie with a rebound.
10:36 of 1st period - Andy Andreoff is hit by Alexander Nylander and loses puck.
10:53 of 1st period - Emil Bemstrom is hit by Alex Gallant and loses puck.
11:36 of 1st period - Snap shot by Nolan Foote.
11:36 of 1st period - Shot Hit the Post.
12:22 of 1st period - Pavel Dorofeyev is hit by Trent Frederic.
12:43 of 1st period - Alec McCrea is hit by Philipp Kurashev.
12:47 of 1st period - Slapshot by Milan Lucic.
12:47 of 1st period - Shot Blocked by Alec McCrea.
12:59 of 1st period - Zach Aston-Reese is hit by Alex Newhook.
13:09 of 1st period - Alec McCrea is hit by Philipp Kurashev and loses puck.
13:17 of 1st period - Icing by Alec McCrea.
13:18 of 1st period - Alex Newhook wins face-off versus Henrik Borgstrom in Erie Otters zone.
13:18 of 1st period - Alex Newhook is hit by Henrik Borgstrom.
13:24 of 1st period - Wrist shot by Ty Ronning.
13:24 of 1st period - Stopped by Eric Comrie with a rebound.
13:32 of 1st period - Wrist shot by Aaron Luchuk.
13:32 of 1st period - Shot Blocked by Dennis Cholowski.
13:34 of 1st period - Snap shot by Kevin Davis.
13:34 of 1st period - Shot Blocked by Dennis Cholowski.
13:55 of 1st period - Sammy Blais is hit by Sampo Ranta and loses puck.
14:36 of 1st period - Minor Penalty to Nolan Foote for Holding.
14:37 of 1st period - Pierre-Edouard Bellemare wins face-off versus Michael Eyssimont in Havana Tropicals zone.
14:44 of 1st period - Off-side.
14:45 of 1st period - Pierre-Edouard Bellemare wins face-off versus Andy Andreoff in neutral zone.
15:12 of 1st period - Snap shot by Michael Eyssimont.
15:12 of 1st period - Stopped by Eric Comrie with a rebound.
15:14 of 1st period - Snap shot by Sampo Ranta.
15:14 of 1st period - Stopped by Eric Comrie with a rebound.
15:36 of 1st period - Wrist shot by Michael Eyssimont.
15:36 of 1st period - Stopped by Eric Comrie with a rebound.
16:31 of 1st period - Wrist shot by Michael Eyssimont.
16:31 of 1st period - Shot Misses the Net.
16:33 of 1st period - Wrist shot by Andy Andreoff.
16:33 of 1st period - Shot Misses the Net.
16:35 of 1st period - Slapshot by Aaron Ness.
16:35 of 1st period - Shot Misses the Net.
16:36 of 1st period - Penalty to Nolan Foote is over, Nolan Foote is back on ice.
16:37 of 1st period - Slapshot by Aaron Ness.
16:37 of 1st period - Shot Misses the Net.
16:47 of 1st period - Snap shot by Andy Andreoff.
16:47 of 1st period - Shot Misses the Net.
16:49 of 1st period - Snap shot by Michael Eyssimont.
16:49 of 1st period - Shot Blocked by Henrik Borgstrom.
16:51 of 1st period - Wrist shot by Aaron Ness.
16:51 of 1st period - Shot Blocked by Robert Bortuzzo.
16:53 of 1st period - Wrist shot by Andy Andreoff.
16:53 of 1st period - Shot Blocked by Zach Whitecloud.
16:59 of 1st period - Wrist shot by Michael Eyssimont.
16:59 of 1st period - Stopped by Eric Comrie with a rebound.
17:01 of 1st period - Snap shot by Andy Andreoff.
17:01 of 1st period - Goal by Andy Andreoff - Havana Tropicals : 1 - Erie Otters : 1.
17:02 of 1st period - Zach Aston-Reese wins face-off versus Alex Newhook in neutral zone.
17:07 of 1st period - Slapshot by Chris Tierney.
17:07 of 1st period - Shot Blocked by Trent Frederic.
17:39 of 1st period - Off-side.
17:40 of 1st period - Abbott Girduckis wins face-off versus Philipp Kurashev in neutral zone.
17:49 of 1st period - Wrist shot by Abbott Girduckis.
17:49 of 1st period - Shot Misses the Net.
18:22 of 1st period - Pierre-Edouard Bellemare is hit by Paul Cotter and loses puck.
19:34 of 1st period - Abbott Girduckis is hit by Emil Bemstrom and loses puck.
19:55 of 1st period - Kevin Davis is hit by Zach Aston-Reese and loses puck.
Goals for this period are 1 for Havana Tropicals vs 1 for Erie Otters.
Shots for this period are 2 for Havana Tropicals vs 13 for Erie Otters.
2nd period
0:01 of 2nd period - Pierre-Edouard Bellemare wins face-off versus Andy Andreoff in neutral zone.
0:06 of 2nd period - Snap shot by Zach Aston-Reese.
0:06 of 2nd period - Stopped by Brad Thiessen with a rebound.
0:26 of 2nd period - Aaron Luchuk is hit by Zach Whitecloud and loses puck.
1:05 of 2nd period - Dean Kukan is hit by Alex Newhook and loses puck.
1:14 of 2nd period - Wrist shot by Trent Frederic.
1:14 of 2nd period - Stopped by Eric Comrie with a rebound.
1:16 of 2nd period - Slapshot by Alex Biega.
1:16 of 2nd period - Stopped by Eric Comrie without a rebound.
1:17 of 2nd period - Andy Andreoff wins face-off versus Philipp Kurashev in Havana Tropicals zone.
1:49 of 2nd period - Minor Penalty to Paul Cotter for Hooking.
1:50 of 2nd period - Pierre-Edouard Bellemare wins face-off versus Trent Frederic in Erie Otters zone.
1:55 of 2nd period - Snap shot by Pierre-Edouard Bellemare.
1:55 of 2nd period - Shot Misses the Net.
1:59 of 2nd period - Snap shot by Chris Tierney.
1:59 of 2nd period - Shot Misses the Net.
2:01 of 2nd period - Slapshot by Pierre-Edouard Bellemare.
2:01 of 2nd period - Shot Blocked by Aaron Ness.
2:03 of 2nd period - Slapshot by Robert Bortuzzo.
2:03 of 2nd period - Deflect By Chris Tierney.
2:03 of 2nd period - Shot Misses the Net.
2:03 of 2nd period - Puck is out of play.
2:04 of 2nd period - Pierre-Edouard Bellemare wins face-off versus Andy Andreoff in Erie Otters zone.
2:19 of 2nd period - Wrist shot by Pierre-Edouard Bellemare.
2:19 of 2nd period - Shot Blocked by Alex Biega.
3:32 of 2nd period - Aaron Ness is hit by Pierre-Edouard Bellemare.
3:49 of 2nd period - Penalty to Paul Cotter is over, Paul Cotter is back on ice.
3:56 of 2nd period - Slapshot by Michael Eyssimont.
3:56 of 2nd period - Stopped by Eric Comrie with a rebound.
3:58 of 2nd period - Snap shot by Sampo Ranta.
3:58 of 2nd period - Stopped by Eric Comrie with a rebound.
4:00 of 2nd period - Snap shot by Adam Clendening.
4:00 of 2nd period - Shot Blocked by Pavel Dorofeyev.
4:02 of 2nd period - Slapshot by Adam Clendening.
4:02 of 2nd period - Shot Misses the Net.
4:04 of 2nd period - Slapshot by Paul Cotter.
4:04 of 2nd period - Stopped by Eric Comrie with a rebound.
4:06 of 2nd period - Slapshot by Adam Clendening.
4:06 of 2nd period - Stopped by Eric Comrie without a rebound.
4:07 of 2nd period - Ty Ronning wins face-off versus Henrik Borgstrom in Havana Tropicals zone.
4:22 of 2nd period - Ty Ronning is hit by Pavel Dorofeyev and loses puck.
5:01 of 2nd period - Snap shot by Michael Eyssimont.
5:01 of 2nd period - Shot Misses the Net.
5:19 of 2nd period - Slapshot by Zach Whitecloud.
5:19 of 2nd period - Shot Misses the Net.
5:21 of 2nd period - Slapshot by Robert Bortuzzo.
5:21 of 2nd period - Shot Misses the Net.
5:47 of 2nd period - Alex Biega is hit by Milan Lucic.
6:50 of 2nd period - Wrist shot by Emil Bemstrom.
6:50 of 2nd period - Shot Misses the Net.
7:18 of 2nd period - Minor Penalty to Nolan Foote for Holding.
7:19 of 2nd period - Pierre-Edouard Bellemare wins face-off versus Alex Newhook in Havana Tropicals zone.
7:27 of 2nd period - Slapshot by Pierre-Edouard Bellemare.
7:27 of 2nd period - Deflect By Alex Newhook.
7:27 of 2nd period - Shot Misses the Net.
7:27 of 2nd period - Puck is out of play.
7:28 of 2nd period - Pierre-Edouard Bellemare wins face-off versus Alex Newhook in Erie Otters zone.
7:29 of 2nd period - Wrist shot by Chris Tierney.
7:29 of 2nd period - Shot Misses the Net.
9:18 of 2nd period - Penalty to Nolan Foote is over, Nolan Foote is back on ice.
9:25 of 2nd period - Sammy Blais is hit by Kevin Davis.
9:31 of 2nd period - Wrist shot by Ty Ronning.
9:31 of 2nd period - Shot Misses the Net.
9:33 of 2nd period - Snap shot by Ty Ronning.
9:33 of 2nd period - Stopped by Eric Comrie with a rebound.
9:35 of 2nd period - Snap shot by Aaron Luchuk.
9:35 of 2nd period - Shot Misses the Net.
11:10 of 2nd period - Icing by Alex Petrovic.
11:11 of 2nd period - Michael Eyssimont wins face-off versus Henrik Borgstrom in Erie Otters zone.
11:24 of 2nd period - Wrist shot by Sampo Ranta.
11:24 of 2nd period - Stopped by Eric Comrie without a rebound.
11:25 of 2nd period - Pierre-Edouard Bellemare wins face-off versus Alex Newhook in Havana Tropicals zone.
11:57 of 2nd period - Slapshot by Philipp Kurashev.
11:57 of 2nd period - Stopped by Brad Thiessen with a rebound.
11:59 of 2nd period - Wrist shot by Philipp Kurashev.
11:59 of 2nd period - Stopped by Brad Thiessen with a rebound.
12:13 of 2nd period - Snap shot by Ty Ronning.
12:13 of 2nd period - Stopped by Eric Comrie with a rebound.
13:24 of 2nd period - Snap shot by Philipp Kurashev.
13:24 of 2nd period - Shot Misses the Net.
13:26 of 2nd period - Slapshot by Zach Whitecloud.
13:26 of 2nd period - Shot Misses the Net.
13:28 of 2nd period - Snap shot by Milan Lucic.
13:28 of 2nd period - Stopped by Brad Thiessen without a rebound.
13:29 of 2nd period - Henrik Borgstrom wins face-off versus Alex Newhook in Erie Otters zone.
13:32 of 2nd period - Snap shot by Pavel Dorofeyev.
13:32 of 2nd period - Shot Hit the Post.
14:17 of 2nd period - Slapshot by Chris Tierney.
14:17 of 2nd period - Stopped by Brad Thiessen without a rebound.
14:18 of 2nd period - Pierre-Edouard Bellemare wins face-off versus Andy Andreoff in Erie Otters zone.
14:19 of 2nd period - Wrist shot by Chris Tierney.
14:19 of 2nd period - Shot Misses the Net.
14:21 of 2nd period - Snap shot by Pierre-Edouard Bellemare.
14:21 of 2nd period - Goal by Pierre-Edouard Bellemare - Havana Tropicals : 2 - Erie Otters : 1.
14:22 of 2nd period - Pierre-Edouard Bellemare wins face-off versus Andy Andreoff in neutral zone.
14:55 of 2nd period - Slapshot by Trent Frederic.
14:55 of 2nd period - Shot Blocked by Zach Whitecloud.
14:57 of 2nd period - Slapshot by Kevin Davis.
14:57 of 2nd period - Shot Hit the Post.
15:14 of 2nd period - Slapshot by Pavel Dorofeyev.
15:14 of 2nd period - Shot Blocked by Kevin Davis.
15:28 of 2nd period - Backhand shot by Pierre-Edouard Bellemare.
15:28 of 2nd period - Shot Blocked by Michael Eyssimont.
15:38 of 2nd period - Minor Penalty to Andy Andreoff for Hooking.
15:39 of 2nd period - Pierre-Edouard Bellemare wins face-off versus Alex Newhook in Erie Otters zone.
15:44 of 2nd period - Snap shot by Zach Aston-Reese.
15:44 of 2nd period - Deflect By Chris Tierney.
15:44 of 2nd period - Shot Misses the Net.
15:44 of 2nd period - Puck is out of play.
15:45 of 2nd period - Alex Newhook wins face-off versus Pierre-Edouard Bellemare in Erie Otters zone.
15:45 of 2nd period - Alex Newhook is hit by Tucker Poolman.
16:11 of 2nd period - Sammy Blais is hit by Trent Frederic and loses puck.
17:12 of 2nd period - Wrist shot by Trent Frederic.
17:12 of 2nd period - Shot Misses the Net.
17:38 of 2nd period - Penalty to Andy Andreoff is over, Andy Andreoff is back on ice.
17:44 of 2nd period - Snap shot by Sammy Blais.
17:44 of 2nd period - Stopped by Brad Thiessen without a rebound.
17:45 of 2nd period - Aaron Luchuk wins face-off versus Henrik Borgstrom in Erie Otters zone.
17:57 of 2nd period - Snap shot by Pavel Dorofeyev.
17:57 of 2nd period - Shot Misses the Net.
18:13 of 2nd period - Snap shot by Emil Bemstrom.
18:13 of 2nd period - Stopped by Brad Thiessen with a rebound.
18:25 of 2nd period - Slapshot by Pavel Dorofeyev.
18:25 of 2nd period - Shot Misses the Net.
18:31 of 2nd period - Slapshot by Michael Eyssimont.
18:31 of 2nd period - Stopped by Eric Comrie with a rebound.
18:51 of 2nd period - Snap shot by Trent Frederic.
18:51 of 2nd period - Shot Misses the Net.
19:05 of 2nd period - Zach Aston-Reese is hit by Adam Clendening.
19:25 of 2nd period - Philipp Kurashev is hit by Alex Petrovic.
19:41 of 2nd period - Snap shot by Alexander Nylander.
19:41 of 2nd period - Stopped by Brad Thiessen with a rebound.
19:43 of 2nd period - Snap shot by Dean Kukan.
19:43 of 2nd period - Shot Misses the Net.
19:52 of 2nd period - Off-side.
19:53 of 2nd period - Andy Andreoff wins face-off versus Pierre-Edouard Bellemare in neutral zone.
Goals for this period are 1 for Havana Tropicals vs 0 for Erie Otters.
Shots for this period are 9 for Havana Tropicals vs 10 for Erie Otters.
3rd period
0:01 of 3rd period - Andy Andreoff wins face-off versus Pierre-Edouard Bellemare in neutral zone.
0:04 of 3rd period - Wrist shot by Andy Andreoff.
0:04 of 3rd period - Stopped by Eric Comrie with a rebound.
0:16 of 3rd period - Slapshot by Chris Tierney.
0:16 of 3rd period - Stopped by Brad Thiessen with a rebound.
1:05 of 3rd period - Aaron Ness is hit by Chris Tierney and loses puck.
1:50 of 3rd period - Wrist shot by Pavel Dorofeyev.
1:50 of 3rd period - Stopped by Brad Thiessen with a rebound.
2:26 of 3rd period - Sammy Blais is hit by Alex-Olivier Voyer and loses puck.
3:10 of 3rd period - Emil Bemstrom is hit by Aaron Luchuk and loses puck.
3:28 of 3rd period - Tucker Poolman is hit by Trent Frederic and loses puck.
4:18 of 3rd period - Alex-Olivier Voyer is hit by Robert Bortuzzo and loses puck.
4:48 of 3rd period - Milan Lucic is hit by Paul Cotter and loses puck.
4:57 of 3rd period - Wrist shot by Alex Newhook.
4:57 of 3rd period - Stopped by Eric Comrie without a rebound.
4:58 of 3rd period - Andy Andreoff wins face-off versus Henrik Borgstrom in Havana Tropicals zone.
5:23 of 3rd period - Aaron Ness is hit by Zach Aston-Reese and loses puck.
5:43 of 3rd period - Icing by Alex Gallant.
5:44 of 3rd period - Philipp Kurashev wins face-off versus Aaron Luchuk in Erie Otters zone.
5:47 of 3rd period - Snap shot by Milan Lucic.
5:47 of 3rd period - Shot Blocked by Alex Petrovic.
6:19 of 3rd period - Snap shot by Sampo Ranta.
6:19 of 3rd period - Shot Misses the Net.
6:21 of 3rd period - Wrist shot by Sampo Ranta.
6:21 of 3rd period - Stopped by Eric Comrie without a rebound.
6:22 of 3rd period - Alex Newhook wins face-off versus Pierre-Edouard Bellemare in Havana Tropicals zone.
6:31 of 3rd period - Snap shot by Zach Aston-Reese.
6:31 of 3rd period - Shot Misses the Net.
6:33 of 3rd period - Slapshot by Robert Bortuzzo.
6:33 of 3rd period - Stopped by Brad Thiessen without a rebound.
6:34 of 3rd period - Pierre-Edouard Bellemare wins face-off versus Andy Andreoff in Erie Otters zone.
7:06 of 3rd period - Off-side.
7:07 of 3rd period - Philipp Kurashev wins face-off versus Alex Newhook in neutral zone.
7:17 of 3rd period - Icing by Alex Newhook.
7:18 of 3rd period - Alex Newhook wins face-off versus Pierre-Edouard Bellemare in Erie Otters zone.
7:51 of 3rd period - Backhand shot by Michael Eyssimont.
7:51 of 3rd period - Stopped by Eric Comrie with a rebound.
8:33 of 3rd period - Wrist shot by Alexander Nylander.
8:33 of 3rd period - Shot Misses the Net.
8:35 of 3rd period - Snap shot by Pierre-Edouard Bellemare.
8:35 of 3rd period - Stopped by Brad Thiessen with a rebound.
8:37 of 3rd period - Slapshot by Dean Kukan.
8:37 of 3rd period - Deflect By Pierre-Edouard Bellemare.
8:37 of 3rd period - Stopped by Brad Thiessen with a rebound.
8:56 of 3rd period - Minor Penalty to Paul Cotter for Holding.
8:57 of 3rd period - Alex Newhook wins face-off versus Pierre-Edouard Bellemare in Erie Otters zone.
9:17 of 3rd period - Snap shot by Milan Lucic.
9:17 of 3rd period - Shot Misses the Net.
9:39 of 3rd period - Aaron Ness is hit by Chris Tierney and loses puck.
10:34 of 3rd period - Pierre-Edouard Bellemare is hit by Aaron Ness and loses puck.
10:56 of 3rd period - Penalty to Paul Cotter is over, Paul Cotter is back on ice.
11:03 of 3rd period - Slapshot by Paul Cotter.
11:03 of 3rd period - Shot Misses the Net.
11:05 of 3rd period - Snap shot by Alex-Olivier Voyer.
11:05 of 3rd period - Stopped by Eric Comrie with a rebound.
11:11 of 3rd period - Snap shot by Adam Brubacher.
11:11 of 3rd period - Stopped by Eric Comrie without a rebound.
11:12 of 3rd period - Abbott Girduckis wins face-off versus Henrik Borgstrom in Havana Tropicals zone.
11:31 of 3rd period - Abbott Girduckis is hit by Pavel Dorofeyev and loses puck.
12:10 of 3rd period - Ty Ronning is hit by Pierre-Edouard Bellemare.
12:34 of 3rd period - Sampo Ranta is hit by Nolan Foote.
13:15 of 3rd period - Slapshot by Ty Ronning.
13:15 of 3rd period - Stopped by Eric Comrie without a rebound.
13:16 of 3rd period - Andy Andreoff wins face-off versus Philipp Kurashev in Havana Tropicals zone.
13:18 of 3rd period - Alex Biega and Sammy Blais fight to a draw.
13:18 of 3rd period - Penalty to Alex Biega for Fighting.
13:18 of 3rd period - Penalty to Sammy Blais for Fighting.
13:19 of 3rd period - Andy Andreoff wins face-off versus Pierre-Edouard Bellemare in Havana Tropicals zone.
13:45 of 3rd period - Minor Penalty to Robert Bortuzzo for Goalie Interference.
13:46 of 3rd period - Pierre-Edouard Bellemare wins face-off versus Alex Newhook in Havana Tropicals zone.
15:39 of 3rd period - Alex Petrovic is hit by Milan Lucic and loses puck.
15:45 of 3rd period - Penalty to Robert Bortuzzo is over, Robert Bortuzzo is back on ice.
15:58 of 3rd period - Snap shot by Abbott Girduckis.
15:58 of 3rd period - Shot Blocked by Zach Aston-Reese.
16:00 of 3rd period - Snap shot by Alex-Olivier Voyer.
16:00 of 3rd period - Shot Misses the Net.
16:02 of 3rd period - Slapshot by Kevin Davis.
16:02 of 3rd period - Shot Misses the Net.
16:04 of 3rd period - Slapshot by Aaron Ness.
16:04 of 3rd period - Stopped by Eric Comrie without a rebound.
16:05 of 3rd period - Philipp Kurashev wins face-off versus Ty Ronning in Havana Tropicals zone.
16:10 of 3rd period - Wrist shot by Philipp Kurashev.
16:10 of 3rd period - Deflect By Milan Lucic.
16:10 of 3rd period - Stopped by Brad Thiessen with a rebound.
16:12 of 3rd period - Snap shot by Lucas Elvenes.
16:12 of 3rd period - Shot Misses the Net.
16:14 of 3rd period - Slapshot by Zach Whitecloud.
16:14 of 3rd period - Stopped by Brad Thiessen with a rebound.
17:15 of 3rd period - Henrik Borgstrom is hit by Paul Cotter and loses puck.
17:26 of 3rd period - Tucker Poolman is hit by Alex Gallant and loses puck.
17:37 of 3rd period - Snap shot by Milan Lucic.
17:37 of 3rd period - Stopped by Brad Thiessen with a rebound.
17:45 of 3rd period - Wrist shot by Henrik Borgstrom.
17:45 of 3rd period - Stopped by Brad Thiessen with a rebound.
17:57 of 3rd period - Snap shot by Trent Frederic.
17:57 of 3rd period - Stopped by Eric Comrie without a rebound.
17:58 of 3rd period - Pierre-Edouard Bellemare wins face-off versus Alex Newhook in Havana Tropicals zone.
17:58 of 3rd period - Pierre-Edouard Bellemare is hit by Alec McCrea.
18:06 of 3rd period - Slapshot by Chris Tierney.
18:06 of 3rd period - Stopped by Brad Thiessen without a rebound.
18:07 of 3rd period - Pierre-Edouard Bellemare wins face-off versus Aaron Luchuk in Erie Otters zone.
18:08 of 3rd period - Slapshot by Chris Tierney.
18:08 of 3rd period - Shot Misses the Net.
18:42 of 3rd period - Zach Whitecloud is hit by Trent Frederic and loses puck.
19:07 of 3rd period - Slapshot by Emil Bemstrom.
19:07 of 3rd period - Stopped by Brad Thiessen with a rebound.
19:19 of 3rd period - Erie Otters, Brad Thiessen is pulled from the net.
19:38 of 3rd period - Wrist shot by Emil Bemstrom.
19:38 of 3rd period - Goal by Emil Bemstrom - Havana Tropicals : 3 - Erie Otters : 1.
19:38 of 3rd period - Brad Thiessen from Erie Otters was sent back in the game.
19:39 of 3rd period - Pierre-Edouard Bellemare wins face-off versus Ty Ronning in neutral zone.
19:41 of 3rd period - Alex Petrovic and Alexander Nylander fight to a draw.
19:41 of 3rd period - Penalty to Alex Petrovic for Fighting.
19:41 of 3rd period - Penalty to Alexander Nylander for Fighting.
19:42 of 3rd period - Alex Gallant wins face-off versus Henrik Borgstrom in Erie Otters zone.
19:47 of 3rd period - Wrist shot by Emil Bemstrom.
19:47 of 3rd period - Stopped by Brad Thiessen with a rebound.
Goals for this period are 1 for Havana Tropicals vs 0 for Erie Otters.
Shots for this period are 13 for Havana Tropicals vs 9 for Erie Otters.
Back to the Top